 Dungeon Crawl Stone Soup version 0.31-a0-977-gc230f8ef24 (webtiles) character file.

Game seed: 14721609127353402387

55 BinkBink the Trooper (level 3, -2/29 HPs)
             Began as a Demonspawn Fighter on Oct 29, 2023.
             Was a Plaything of Xom.
             Slain by an ogre
             ... wielding a +0 giant club
              (7 damage)
             ... on level 3 of the Dungeon.
             The game lasted 00:02:28 (1949 turns).

BinkBink the Trooper (Demonspawn Fighter)           Turns: 1949, Time: 00:02:28

Health: -2/29      AC:  7    Str: 18    XL:     3   Next: 67%
Magic:  3/3        EV:  9    Int: 11    God:    Xom [......]
Gold:   75         SH:  8    Dex: 12    Spells: 2/2 levels left

rFire   + . .        a - +0 flail
rCold   + . .        c - +0 buckler
rNeg    . . .        b - +0 scale mail
rPois   +            (no helmet)
rElec   +            i - +0 cloak
rCorr   +            (no gloves)
SInv    .            (no boots)
Will    .....        (no amulet) Stlth
                     (no ring)
HPRegen 0.24/turn    (no ring)
MPRegen 0.08/turn

%: no passive effects
@: mighty, resistant
A: big brain 1, large bone plates 1
a: Renounce Religion


You were on level 3 of the Dungeon.
You worshipped Xom.
You were a very special plaything of Xom.
You visited 1 branch of the dungeon, and saw 3 of its levels.

You collected 109 gold pieces.
You spent 34 gold pieces at shops.

Inventory:

Hand Weapons
 a - a +0 flail (weapon)
Armour
 b - a +0 scale mail (worn)
 c - a +0 buckler (worn)
 i - a +0 cloak (worn)
Jewellery
 k - a +4 ring of protection
Scrolls
 f - a scroll of amnesia {unknown}
 h - 6 scrolls of identify {unknown}
 j - 3 scrolls of teleportation {unknown}
 l - a scroll of noise {unknown}
 m - a scroll of vulnerability {unknown}
 n - a scroll of fog {unknown}
 o - a scroll of fear {unknown}
Potions
 g - 3 potions of curing {unknown}


   Skills:
 + Level 3.3 Fighting
 + Level 2.2 Maces & Flails
 + Level 3.0 Armour
 + Level 1.1 Dodging
 + Level 3.1 Shields


You had 2 spell levels left.
You didn't know any spells.
Your spell library was empty.

Dungeon Overview and Level Annotations

Branches:
Dungeon (3/15)

Altars:
Hepliaklqana
Xom

Shops:
D:2 *


Innate Abilities, Weirdness & Mutations

You have an unusually large brain. (Int +2)
You are partially covered in large bone plates. (SH +4)


Message History

A quokka is nearby!
A quokka is nearby!
Xom's power brushes against you for a moment.
Your body is suffused with distortional energy.
Large bone plates grow over parts of your arms.
You barely miss the quokka. You block the quokka's attack.
The quokka bites you but does no damage.
You closely miss the quokka. "Where it stops, nobody knows!"
Your surroundings suddenly seem different.
An adder comes into view.
Found a stone staircase leading down.
The adder barely misses you.
You barely miss the adder. The adder barely misses you.
You completely miss the adder. The adder closely misses you.
You block the adder's attack.
You thump the adder!
The adder is almost dead.
You block the adder's attack. The adder bites you.
You hit the adder.
You kill the adder!
No target in view!
The ogre shouts!
You hear a shout!
It was a potion of resistance.
You feel protected.
Xom thinks this is hilarious!
You feel very mighty all of a sudden.
You sock the ogre!
The ogre is severely wounded.
The ogre hits you with a +0 giant club!!
Ouch! That really hurt!
* * * LOW HITPOINT WARNING * * *
You barely miss the ogre.
The ogre is severely wounded.
You block the ogre's attack.
You hit the ogre.
The ogre is severely wounded.
The ogre hits you with a +0 giant club!
You die...
Xom giggles madly!

#........# #........#
###########........#
...............>...#
........###........#
. .######.#
#.........
...######.#
#.........
#........###.........
#.....@..............
#.###O#######....#.#.
... ##.##.#.# ##..
..## ... .......###
##.. ......... #.. .
..#.#...# ... #.
#.#.....# #..
#.#.##..#


You could see an ogre.

Vanquished Creatures
  3 adders
  2 worms (D:2)
  4 bats
  3 endoplasms
  2 goblins
  6 ball pythons
  A frilled lizard (D:3)
  A kobold (D:2)
  3 rats
25 creatures vanquished.

Notes
Turn   | Place    | Note
-------+----------+-------------------------------------------
     0 | D:1      | BinkBink the Demonspawn Fighter began the quest for the
                  | Orb.
     0 | D:1      | Reached XP level 1. HP: 18/18 MP: 1/1
   365 | D:1      | Gained mutation: You have an unusually large brain. (Int
                  | +2) [demonic ancestry]
   365 | D:1      | Reached XP level 2. HP: 24/24 MP: 2/2
   431 | D:1      | Found a faded altar of an unknown god.
   529 | D:1      | Prayed at the altar of an unknown god.
   529 | D:1      | Became a worshipper of Xom of Chaos
   617 | D:1      | XOM: silly message
   626 | D:1      | XOM: silly message
   874 | D:2      | Found Hihauta's Assorted Antiques.
   882 | D:2      | Bought a golden potion for 16 gold pieces
   882 | D:2      | Bought a scroll labelled YKUTEA GIGEABB for 18 gold pieces
   903 | D:2      | XOM: cloud trail
  1181 | D:2      | Reached XP level 3. HP: 25/29 MP: 3/3
  1253 | D:2      | XOM: scenery: summon butterflies
  1271 | D:2      | Reached skill level 1 in Dodging
  1589 | D:2      | XOM: god gift: scroll labelled CEGREB MICA {god gift}
  1706 | D:2      | XOM: scenery: 1 doors close
  1881 | D:3      | Found a hazy altar of Hepliaklqana.
  1919 | D:3      | Noticed an ogre
  1920 | D:3      | XOM: give mutation
  1920 | D:3      | Gained mutation: You are partially covered in large bone
                  | plates. (SH +4) [Xom's mischief]
  1923 | D:3      | XOM: 1-stop teleportation journey
  1949 | D:3      | Slain by an ogre

Illustrated notes

Levels and vault maps discovered:
D:1:      dpeg_arrival_round_c, layout_basic,
          shapermc_ecumenical_altar_hornbeckon
D:2:      layout_basic, serial_shops, shop
D:3:      layout_basic, lemuel_doored_altar

Skill      XL: |  1  2  3 |
---------------+----------+-----
Maces & Flails | 2 |  2.2
Armour         | 3 |  3.0
Shields        | 3 |  3.1
Dodging        | 1 |  1.1
Fighting       | |  3.3

Action                     || total
---------------------------++-------
  Melee: Flail             ||    83
    Use: Potion            ||     2
 Armour: Scale mail        ||    51
  Dodge: Dodged            ||    34
  Block: Buckler           ||    18

Table legend: (Time is in decaauts)
 A = Elapsed time spent in this place.
 B = Non-inter-level travel time spent in this place.
 C = Inter-level travel time spent in this place.
 D = Time resting spent in this place.
 E = Time spent auto-exploring this place.
 F = Levels seen in this place.
 G = Mean time per level.
                   A        B        C        D        E       F      G
               +--------+--------+--------+--------+--------+-----+--------+
         Total |   1990 |   1856 |    134 |      0 |   1618 |   3 |  663.3 |
       Dungeon |   1990 |   1856 |    134 |      0 |   1618 |   3 |  663.3 |
               +--------+--------+--------+--------+--------+-----+--------+

Top non-repeatable levels by time:
     D:2: 1163 daAuts
     D:1: 689 daAuts
     D:3: 137 daAuts
